 Dungeon Crawl Stone Soup version 0.30-a0-12-gd8047c6341 (webtiles) character file.

Game seed: 9992253659505792200

224 Newt the Chopper (level 5, 0/42 HPs)
             Began as a Demonspawn Gladiator on Aug 23, 2022.
             Was an Initiate of Hepliaklqana.
             Slain by an orc
             ... wielding a +0 whip
              (4 damage)
             ... on level 3 of the Dungeon.
             The game lasted 00:04:27 (3724 turns).

Newt the Chopper (Demonspawn Gladiator)             Turns: 3724, Time: 00:04:28

Health: 0/42       AC:  4    Str: 16    XL:     5   Next: 67%
Magic:  14/14      EV: 12    Int: 10    God:    Hepliaklqana [......]
Gold:   79         SH:  0    Dex: 14    Spells: 4/4 levels left

rFire   . . .      SeeInvis .    p - +0 war axe
rCold   . . .      Faith    .    (no shield)
rNeg    . . .      Spirit   .    b - +0 leather armour
rPois   .          Reflect  .    c - +0 helmet
rElec   .          Harm     .    (no cloak)
rCorr   .          Rampage  .    (no gloves)
Will    .....                    (no boots)
Stlth   ++........               (no amulet)
HPRegen 0.14/turn                h - ring of magical power
MPRegen 0.14/turn                (no ring)

@: studying Axes
A: powered by pain 2
a: Renounce Religion


You were on level 3 of the Dungeon.
You worshipped Hepliaklqana.
Hepliaklqana was noncommittal.
You visited 1 branch of the dungeon, and saw 3 of its levels.

You collected 79 gold pieces.

Inventory:

Hand Weapons
 a - a +0 rapier
 p - a +0 war axe (weapon)
Missiles
 e - a throwing net (quivered)
 f - a javelin
Armour
 b - a +0 leather armour (worn)
 c - a +0 helmet (worn)
Jewellery
 h - a ring of magical power (left hand)
Wands
 j - a wand of roots (9)
Scrolls
 g - 2 scrolls of teleportation
 i - a scroll of vulnerability
 l - a scroll of enchant armour {unknown}
 m - 3 scrolls of noise
 o - a scroll of brand weapon {unknown}
 q - a scroll of butterflies {unknown}
 s - a scroll of immolation {unknown}
Potions
 d - 2 potions of ambrosia {unknown}
 k - a potion of brilliance {unknown}
 n - a potion of heal wounds {unknown}
 r - a potion of curing


   Skills:
 - Level 4.0 Fighting
 - Level 2.6 Short Blades
 + Level 4.8 Axes
 - Level 1.7 Throwing
 - Level 2.6 Dodging
 - Level 2.0 Stealth


You had 4 spell levels left.
You didn't know any spells.
Your spell library was empty.

Dungeon Overview and Level Annotations

Branches:
Dungeon (3/15)

Altars:
Dithmenos
Hepliaklqana
Okawaru


Innate Abilities, Weirdness & Mutations

You sometimes gain power by taking damage.


Message History

The orc priest is heavily wounded.
The orc priest hits you with a +0 war axe!
* * * LOW HITPOINT WARNING * * *
Unknown command.
You hit the orc priest.
The orc priest is heavily wounded.
The orc priest miscasts a cantrip.
The orc priest misses you.
Unknown command.
You closely miss the orc priest.
The orc priest is heavily wounded.
The orc priest hits you with a +0 war axe.
* * * LOW HITPOINT WARNING * * *
Unknown command.
It was a potion of curing.
You feel better. The orc priest barely misses you.
Unknown command.
You slash the orc priest!
You kill the orc priest!
You slash the orc!
You kill the orc!
The orc hits you but does no damage.
You closely miss the orc. The orc closely misses you.
You closely miss the orc. The orc hits you with a +0 whip.
* * * LOW HITPOINT WARNING * * *
Unknown command.
You hit the orc.
The orc is severely wounded.
The orc hits you with a +0 whip.
* * * LOW HITPOINT WARNING * * *
Unknown command.
You hit the orc.
The orc is almost dead.
The orc hits you with a +0 whip.
* * * LOW HITPOINT WARNING * * *
The orc barely misses you.
Unknown command.
You hit the orc but do no damage.
The orc is almost dead.
The orc hits you with a +0 whip.
You die...

#.# #.# #.# #.# #######
#.# #.....# #.# )._..
#.# .o. ######.# #o#
.......#########@###.##
........................
####################.###


You could see 2 orcs.

Vanquished Creatures
  An orc priest (D:3)
  Jessica (D:2)
  Natasha (thrice) (D:2)
  Robin (D:2)
  An adder (D:2)
  3 dart slugs
  2 orcs (D:3)
  6 ball pythons
  3 endoplasms (D:1)
  8 giant cockroaches (D:2)
  13 goblins
  6 hobgoblins
  2 jackals (D:1)
  3 kobolds (D:1)
  2 quokkas
  2 bats
  3 frilled lizards
  4 rats
64 creatures vanquished.

Notes
Turn   | Place    | Note
-------+----------+-------------------------------------------
     0 | D:1      | Newt the Demonspawn Gladiator began the quest for the Orb.
     0 | D:1      | Reached XP level 1. HP: 16/16 MP: 1/1
   114 | D:1      | Reached skill level 1 in Stealth
   430 | D:1      | Gained mutation: You sometimes gain a little power by
                  | taking damage. [demonic ancestry]
   430 | D:1      | Reached XP level 2. HP: 22/22 MP: 2/2
   789 | D:1      | Found a faded altar of an unknown god.
  1416 | D:1      | Reached XP level 3. HP: 14/28 MP: 3/3
  2067 | D:2      | Noticed Natasha
  2069 | D:2      | Identified a scroll of acquirement
  2070 | D:2      | Acquired a manual of Axes
  2082 | D:2      | Killed Natasha
  2083 | D:2      | Reached XP level 4. HP: 9/37 MP: 4/4
  2323 | D:2      | Noticed Robin
  2379 | D:2      | Reached skill level 1 in Axes
  2400 | D:2      | Killed Robin
  2664 | D:2      | Noticed Jessica
  2685 | D:2      | Killed Jessica
  2798 | D:2      | Gained mutation: You sometimes gain power by taking damage.
                  | [demonic ancestry]
  2798 | D:2      | Reached XP level 5. HP: 42/42 MP: 5/5
  2977 | D:2      | Noticed Natasha
  3000 | D:2      | Killed Natasha
  3415 | D:2      | Noticed Natasha
  3419 | D:2      | Killed Natasha
  3629 | D:3      | Found a hazy altar of Hepliaklqana.
  3633 | D:3      | Found a shadowy altar of Dithmenos.
  3633 | D:3      | Noticed a shadow
  3638 | D:3      | Became a worshipper of Hepliaklqana the Forgotten
  3690 | D:3      | Found an iron altar of Okawaru.
  3724 | D:3      | Slain by an orc

Illustrated notes

Levels and vault maps discovered:
D:1:      lightli_iron_boxes, layout_loops_ring, basic_ecumenical_altar,
          amethyst_killhole, minmay_misc_feat_doors,
          chequers_serial_rivers_micro_d, minmay_misc_feat_cross,
          chequers_avenue
D:2:      minmay_roachtagon, layout_basic, minmay_misc_feat_secret_circle,
          uniq_robin, uniq_jessica, uniq_natasha
D:3:      layout_basic, riverfiend_overflow_shadow_ancestor,
          mainiacjoe_overflow_alcove_2

Skill      XL: |  1  2  3  4  5 |
---------------+----------------+-----
Stealth        | 1 2 |  2.0
Fighting       | 3 4 |  4.0
Axes           | 3 4 |  4.8
Short Blades   | |  2.6
Throwing       | |  1.7
Dodging        | |  2.6

Action                   |  1- 3 |  4- 6 || total
-------------------------+-------+-------++-------
Melee: Rapier            |   130 |    97 ||   227
       Punch             |     1 |       ||     1
       War axe           |       |    40 ||    40
Throw: Throwing net      |     3 |     3 ||     6
       Javelin           |     1 |     3 ||     4
  Use: Scroll            |     6 |       ||     6
       Potion            |       |     2 ||     2
 Stab: Held in net/web   |     1 |     3 ||     4
       Sleeping          |     1 |       ||     1
Armor: Leather armour    |    25 |    24 ||    49
Dodge: Dodged            |    99 |    78 ||   177

Table legend: (Time is in decaauts)
 A = Elapsed time spent in this place.
 B = Non-inter-level travel time spent in this place.
 C = Inter-level travel time spent in this place.
 D = Time resting spent in this place.
 E = Time spent auto-exploring this place.
 F = Levels seen in this place.
 G = Mean time per level.
                   A        B        C        D        E       F      G
               +--------+--------+--------+--------+--------+-----+--------+
         Total |   3763 |   3508 |    255 |   1221 |   1749 |   3 | 1254.3 |
       Dungeon |   3763 |   3508 |    255 |   1221 |   1749 |   3 | 1254.3 |
               +--------+--------+--------+--------+--------+-----+--------+

Top non-repeatable levels by time:
     D:1: 1932 daAuts
     D:2: 1691 daAuts
     D:3: 139 daAuts
